 Dungeon Crawl Stone Soup version 0.21.1-1-g345015f (webtiles) character file.

2684 Fang the Cleaver (level 9, -4/57 HPs)
             Began as a Gargoyle Berserker on May 30, 2018.
             Was an Elder of Trog.
             Slain by Menkaure (14 damage)
             ... on level 7 of the Dungeon.
             The game lasted 00:10:17 (8226 turns).

Fang the Cleaver (Gargoyle Berserker)               Turns: 8226, Time: 00:10:18

Health: -4/57      AC: 12    Str: 23 (25) XL:     9   Next: 64%
Magic:  9/9        EV: 13    Int:  4 (7)  God:    Trog [****..]
Gold:   314        SH:  0    Dex:  6 (9)  Spells: 8/8 levels left

rFire    . . .     SeeInvis .   a - +0 hand axe
rCold    . . .     Gourm    .   (no shield)
rNeg     + . .     Faith    .   b - +2 animal skin
rPois    ∞         Spirit   .   (no helmet)
rElec    +         Reflect  .   (no cloak)
rCorr    .         Harm     .   x - +1 pair of gloves
MR       .....                  (no boots)
Stlth    +.........             d - amulet of rage
HPRegen  0.19/turn              s - ring of loudness (curse)
MPRegen  0.11/turn              (no ring)

@: berserk cooldown
A: negative energy resistance 1, electricity resistance, unbreathing,
petrification resistance, rot immunity, AC +6
a: Berserk, Trog's Hand, Brothers in Arms, Burn Spellbooks, Renounce Religion,
Evoke Berserk Rage


You were on level 7 of the Dungeon.
You worshipped Trog.
Trog was greatly pleased with you.
You were not hungry.

You visited 2 branches of the dungeon, and saw 8 of its levels.
You also visited: Sewer.

You collected 314 gold pieces.

Inventory:

Hand Weapons
 a - a +0 hand axe (weapon)
Missiles
 u - 2 javelins (quivered)
Armour
 b - a +2 animal skin (worn)
 x - a +1 pair of gloves (worn)
Jewellery
 d - an amulet of rage (around neck)
 s - a cursed ring of loudness (left hand)
Wands
 m - a wand of flame (40)
 p - a wand of polymorph (5)
 w - a wand of acid (8)
Scrolls
 o - a scroll of identify
Potions
 e - 3 potions of agility
 f - a potion of resistance
 h - 6 potions of curing
 j - a potion of haste
 n - a potion of cancellation
Books
 l - a book of Enchantments

   Spells                             Type                      Level
   a - Cause Fear                     Hexes                        4
   b - Yara's Violent Unravelling     Hexes/Transmutation          5
   c - Silence                        Hexes/Air                    5
   d - Deflect Missiles               Charms/Air                   6
   e - Discord                        Hexes                        8
   Trog disapproves of the use of such an item.
 r - a book of Necromancy

   Spells                             Type                      Level
   a - Pain                           Necromancy                   1
   b - Animate Skeleton               Necromancy                   1
   c - Vampiric Draining              Necromancy                   3
   d - Regeneration                   Charms/Necromancy            3
   e - Animate Dead                   Necromancy                   4
   f - Borgnjor's Vile Clutch         Necromancy/Earth             5
   Trog disapproves of the use of such an item.
Comestibles
 c - 3 rations


   Skills:
 + Level 7.0 Fighting
 + Level 8.7 Axes
 + Level 2.3 Armour
 + Level 5.6 Dodging
 + Level 3.4 Stealth


You had 8 spell levels left.
You didn't know any spells.

Dungeon Overview and Level Annotations

Branches:
Dungeon (7/15)             Temple (1/1) D:4

Altars:
Ashenzari
Cheibriados
Dithmenos
Fedhas
Gozag
Kikubaaqudgha
Makhleb
Nemelex Xobeh
Okawaru
Qazlal
Ru
Sif Muna
Trog
Uskayaw
Xom
Zin
The Shining One

Shops:
D:4 =   D:5 }

Annotations:
D:7 Menkaure


Innate Abilities, Weirdness & Mutations

You are resistant to torment.
Your stone body is resilient. (AC +6)
You are immune to poison.
You resist negative energy. (rN+)
You are resistant to electric shocks. (rElec)
You can survive without breathing.
You are immune to petrification.
You are immune to rotting.


Message History

Menkaure is lightly damaged.
You miss the adder. The adder misses you. Menkaure hits you!
You hit Menkaure.
Menkaure is moderately damaged.
You hit the adder.
Menkaure points at you and mumbles some strange words.
Pain shoots through your body! The adder closely misses you.
You're too confused to move!
The adder bites you but does no damage. Menkaure hits you!!
* * * LOW HITPOINT WARNING * * *
The adder bites you but does no damage. Menkaure hits you but does no damage.
You barely miss Menkaure.
Menkaure is moderately damaged.
You hit the adder.
You kill the adder!
Trog accepts your kill.
You feel less invigorated.
You feel less confused. Menkaure hits you!
You die...

#................
#.................
.....................
......................
......................
......................
........[.............
.......[M.............
.......)@.............
...................#
................####
.................##
.............##.<.#
...(.........####.....#
..........##..# #....#
........###...# #...#
.......## ..#..# #....


You could see Menkaure.

Vanquished Creatures
  The ghost of Fang the Cleaver, a novice GrBe of Trog (D:7)
  The ghost of bande the Chopper, a novice GrFi (D:5)
  Eustachio (D:4)
  An orc warrior (D:7)
  Purgy (Sewer)
  A black bear (D:6)
  2 ogres (D:6)
  2 centaurs (D:6)
  2 bullfrogs
  A wyvern zombie (D:6)
  4 wights (D:6)
  A crimson imp (D:6)
  2 hounds (D:4)
  5 orc wizards
  2 orc priests
  A gnoll shaman (D:4)
  2 iguanas (D:4)
  2 worker ants (D:6)
  A hound skeleton (D:7)
  A howler monkey zombie (D:7)
  A worker ant zombie (D:6)
  5 adders
  11 gnolls
  A river rat (D:6)
  A shadow imp (D:7)
  3 oozes
  7 worms
  2 dart slugs
  22 orcs
  A ball python (D:6)
  8 giant cockroaches
  7 hobgoblins
  10 jackals
  10 kobolds
  2 quokkas
  5 bats
  3 frilled lizards
  3 goblins
  A leopard gecko skeleton (D:6)
  A quokka skeleton (D:4)
  3 rats
141 creatures vanquished.

Notes
Turn   | Place    | Note
-------+----------+-------------------------------------------
     0 | D:1      | Fang the Gargoyle Berserker began the quest for the Orb.
     0 | D:1      | Reached XP level 1. HP: 14/14 MP: 1/1
   279 | D:1      | Reached skill level 3 in Axes
   279 | D:1      | Reached XP level 2. HP: 19/19 MP: 2/2
  1063 | D:2      | Reached XP level 3. HP: 23/23 MP: 3/3
  1121 | D:2      | Found a shimmering altar of Xom.
  1229 | D:2      | Noticed a dagger
  1230 | D:2      | Found a hide-covered altar of Uskayaw.
  1231 | D:2      | Noticed a hand axe
  1256 | D:2      | Reached ** piety under Trog
  1963 | D:2      | Found a deep blue altar of Sif Muna.
  2043 | D:3      | Reached XP level 4. HP: 25/29 MP: 4/4
  2378 | D:3      | Reached skill level 4 in Axes
  2380 | D:3      | Reached skill level 1 in Stealth
  2380 | D:3      | Reached XP level 5. HP: 19/33 MP: 5/5
  3303 | D:4      | Reached XP level 6. HP: 27/38 MP: 6/6
  3312 | D:3      | Reached skill level 5 in Axes
  3821 | D:4      | Found a shattered altar of Ashenzari.
  3843 | D:4      | Noticed Eustachio
  3861 | D:4      | Killed Eustachio
  3861 | D:4      | Reached *** piety under Trog
  3861 | D:4      | Reached XP level 7. HP: 44/44 MP: 7/7
  4024 | D:4      | Reached skill level 6 in Axes
  4417 | D:4      | Found a staircase to the Ecumenical Temple.
  4429 | D:4      | Reached skill level 5 in Fighting
  4451 | Temple   | Entered the Ecumenical Temple
  5001 | D:4      | Found Qeusor's Jewellery Emporium.
  5272 | D:4      | Found a burning altar of Makhleb.
  5273 | D:4      | Noticed a cacodemon
  5308 | D:5      | Entered Level 5 of the Dungeon
  5320 | D:5      | Noticed bande's ghost (novice GrFi)
  5344 | D:5      | Killed bande's ghost
  5344 | D:5      | Reached XP level 8. HP: 9/50 MP: 8/8
  5671 | D:5      | Found Raiss's Gadget Boutique.
  6089 | D:6      | Reached skill level 7 in Axes
  6093 | D:6      | Found a glowing drain.
  6277 | Sewer    | Entered a sewer
  6376 | Sewer    | Noticed Purgy
  6392 | Sewer    | Killed Purgy
  7125 | D:6      | Found a sacrificial altar of Ru.
  7168 | D:6      | Reached **** piety under Trog
  7170 | D:6      | Reached XP level 9. HP: 35/55 MP: 9/9
  7379 | D:6      | Found an iron altar of Okawaru.
  7416 | D:6      | Reached skill level 5 in Dodging
  7467 | D:6      | Reached skill level 8 in Axes
  7871 | D:7      | Noticed Fang's ghost (novice GrBe)
  8195 | D:7      | Killed Fang's ghost
  8200 | D:7      | Noticed Menkaure
  8226 | D:7      | Slain by Menkaure

Skill      XL: |  1  2  3  4  5  6  7  8  9 |
---------------+----------------------------+-----
Axes           | 3 4 5 6 7 8 |  8.7
Dodging        | 2 3 4 5 |  5.6
Fighting       | 4 5 6 7 |  7.0
Stealth        | 1 2 3 |  3.4
Armour         | |  2.3

Action                   |  1- 3 |  4- 6 |  7- 9 || total
-------------------------+-------+-------+-------++-------
Melee: Hand axe          |   120 |   145 |   423 ||   688
Invok: Berserk           |     1 |     5 |     8 ||    14
  Use: Scroll            |       |       |    16 ||    16
       Potion            |       |       |     7 ||     7
 Stab: Sleeping          |       |       |     3 ||     3
  Eat: Chunk             |     5 |     5 |    14 ||    24
       Ration            |       |     1 |     3 ||     4
Armor: Animal skin       |    36 |    50 |   159 ||   245
Dodge: Dodged            |    71 |    90 |   304 ||   465
